 Dungeon Crawl Stone Soup version 0.22-a0-240-g539252a (webtiles) character file.

4 Amnesiac the Charlatan (level 1, -1/9 HPs)
             Began as a Spriggan Artificer on Feb 21, 2018.
             Slain by a goblin (4 damage)
             ... on level 1 of the Dungeon.
             The game lasted 00:00:35 (182 turns).

Amnesiac the Charlatan (Spriggan Artificer)          Turns: 182, Time: 00:00:35

Health: -1/9       AC:  2    Str:  8    XL:     1   Next: 58%
Magic:  4/4        EV: 18    Int: 12    God:
Gold:   0          SH:  0    Dex: 16    Spells: 0/0 levels left

rFire    . . .     SeeInvis +   a - +0 short sword
rCold    . . .     Gourm    .   (shield restricted)
rNeg     . . .     Faith    .   b - +0 robe
rPois    .         Spirit   .   (helmet restricted)
rElec    .         Reflect  .   (no cloak)
rCorr    .         Harm     .   (gloves unavailable)
MR       .....                  (boots unavailable)
Stlth    ++........             (no amulet)
HPRegen  0.03/turn              (no ring)
MPRegen  0.09/turn              (no ring)

@: very quick
A: very small, unfitting armour, see invisible, herbivore, speed 3, slow
metabolism 2
a: no special abilities


You were on level 1 of the Dungeon.
You were not hungry.

You visited 1 branch of the dungeon, and saw 1 of its levels.

Inventory:

Hand Weapons
 a - a +0 short sword (weapon)
Armour
 b - a +0 robe (worn)
Wands
 c - a wand of flame (13)
 d - a wand of enslavement (14)
 e - a wand of random effects (15)
Scrolls
 g - a scroll of immolation {!r, unknown}
 h - a scroll of amnesia {!r, unknown}
Comestibles
 f - 2 rations


   Skills:
 + Level 0.9 Fighting
 + Level 1.2 Short Blades
 + Level 3.1 Dodging
 + Level 1.8 Stealth
 * Level 4.1 Evocations


You couldn't memorise any spells.
You didn't know any spells.

Dungeon Overview and Level Annotations

Branches:
Dungeon (1/15)

Altars:


Innate Abilities, Weirdness & Mutations

You are very small and have problems with some larger weapons.
You are too small for most types of armour.
You have supernaturally acute eyesight. (SInv)
You are a herbivore.
You cover ground extremely quickly.
You need consume almost no food.


Message History

A bat comes into view.
Found a scroll labeled QUKUSE ZIUCO.
A giant cockroach comes into view.
A frilled lizard and a kobold come into view.
Found a fizzy sapphire potion.
The bat closely misses you. The bat barely misses you.
Found 16 bolts.
A goblin comes into view. It is wielding a dagger.
The bat barely misses you.
You see here a scroll labeled QUKUSE ZIUCO {!r}.
h - a scroll labeled QUKUSE ZIUCO {!r} The bat barely misses you.
The bat misses you.
The goblin shouts!
You hear a shout!
You hear an angry hiss.
The bat misses you.
You hear an angry hiss. x2
The bat misses you. The goblin completely misses you.
A goblin comes into view.
The goblin shouts!
The bat completely misses you.
You barely miss the bat. The bat misses you. The bat barely misses you.
A kobold comes into view.
You miss the bat. The bat hits you but does no damage.
You miss the bat. The bat misses you.
A bat comes into view.
The kobold shouts!
You hit the bat.
You kill the bat!
You closely miss the goblin. The goblin hits you with a dagger.
The goblin barely misses you.
Evoke which item? (* to show all) (? for menu, Esc to quit)
Aiming: Enslavement
Press: ? - help, Shift-Dir - straight line, f - goblin
Aim: a goblin, wielding a dagger (chance to defeat MR: 74%)
The goblin is charmed.
The goblin closely misses you.
The hobgoblin closely misses your goblin.
Unknown command.
You barely miss the goblin. The goblin closely misses you.
The hobgoblin hits your goblin with a club.
You barely miss the goblin. The goblin closely misses you.
The hobgoblin closely misses your goblin.
You barely miss the goblin. The goblin completely misses you.
The hobgoblin hits your goblin with a club.
Your goblin dies!
Evoke which item? (* to show all) (? for menu, Esc to quit)
Aiming: Throw Flame
Press: ? - help, Shift-Dir - straight line, f - goblin
Aim: a goblin
Okay, then.
Evoke which item? (* to show all) (? for menu, Esc to quit)
Aiming: Throw Flame
Press: ? - help, Shift-Dir - straight line The puff of flame hits the hobgoblin.
You kill the hobgoblin!
The goblin hits you.
* * * LOW HITPOINT WARNING * * *
Evoke which item? (* to show all) (? for menu, Esc to quit)
Aiming: Throw Flame
Press: ? - help, Shift-Dir - straight line The puff of flame hits the hobgoblin.
You kill the hobgoblin!
The goblin hits you.
You die...

..# <.# .. ..# #..# ..#
..# †#### ..# .†..#
..###Kl. ....# #...
.s### .# ###.#
.#########.# #..!#.##..
..#.# ....Kbg@)Kl#
#..(#..... ..#.#
##########g####.###.....
'##.# #..g...........
....#.# #.#.g.g........
#####.# #..............
.'..#.# ###............
.#..#.# #............
#####.# #.....[......
....#.# #............


You could see a leopard gecko, 2 goblins, a bat and 2 kobolds.

Vanquished Creatures
  2 hobgoblins (D:1)
  2 bats (D:1)
  A frilled lizard (D:1)
5 creatures vanquished.

Vanquished Creatures (others)
  A goblin (D:1)
1 creature vanquished.

Grand Total: 6 creatures vanquished

Notes
Turn   | Place    | Note
-------+----------+-------------------------------------------
     0 | D:1      | Amnesiac the Spriggan Artificer began the quest for the Orb.
     0 | D:1      | Reached XP level 1. HP: 9/9 MP: 4/4
   182 | D:1      | Slain by a goblin

Vault maps used:
D:1:      dpeg_arrival_erosion, minmay_octomino_c4

Action                   || total
-------------------------++-------
Melee: Short sword       ||    15
Evoke: Wand              ||     3
Armor: Robe              ||     1
Dodge: Dodged            ||    23

Table legend:
 A = Spawn XP
 B = Non-spawn XP
 C = Spawn XP percentage of total XP
 D = Spawn monster count
 E = Non-spawn monster count
 F = Spawn count percentage of total count
 G = Total turns spent on level
                    A         B        C        D         E        F      G
               +---------+---------+-------+---------+---------+-------+---------
         Total |       0 |       7 |   0.0 |       0 |       5 |   0.0 |   182
               +---------+---------+-------+---------+---------+-------+---------
           D:1 |       0 |       7 |   0.0 |       0 |       5 |   0.0 |   182
               +---------+---------+-------+---------+---------+-------+---------
